 Dungeon Crawl Stone Soup version 0.30-a0-883-g5ad918d77d (webtiles) character file.

Game seed: 1364005416156483000

119 Sanktem7 the Trooper (level 4, -1/41 HPs)
             Began as a Minotaur Fighter on Mar 16, 2023.
             Was an Initiate of Okawaru.
             Slain by an ogre
             ... wielding a +0 giant club
              (19 damage)
             ... on level 5 of the Dungeon.
             The game lasted 00:02:24 (1987 turns).

Sanktem7 the Trooper (Minotaur Fighter)             Turns: 1987, Time: 00:02:25

Health: -1/41      AC:  7    Str: 22    XL:     4   Next: 73%
Magic:  3/3        EV:  9    Int:  5    God:    Okawaru [......]
Gold:   130        SH:  4    Dex: 10    Spells: 3/3 levels left

rFire   + . .      SeeInvis .    a - +0 war axe
rCold   . . .      Faith    .    c - +0 buckler
rNeg    . . .      Spirit   .    b - +0 scale mail
rPois   .          Reflect  .    (helmet restricted)
rElec   .          Rampage  .    (no cloak)
rCorr   .                        (no gloves)
Will    .....                    (no boots) Stlth
                                 (no amulet)
HPRegen 0.26/turn                i - ring of protection from fire
MPRegen 0.08/turn                (no ring)

@: no status effects
A: horns 2, retaliatory headbutt
a: Renounce Religion


You were on level 5 of the Dungeon.
You worshipped Okawaru.
Okawaru was noncommittal.
You visited 2 branches of the dungeon, and saw 5 of its levels.

You collected 130 gold pieces.

Inventory:

Hand Weapons
 a - a +0 war axe (weapon)
Armour
 b - a +0 scale mail (worn)
 c - a +0 buckler (worn)
Jewellery
 i - a ring of protection from fire (left hand)
Wands
 m - a wand of digging (3)
Scrolls
 e - 2 scrolls of identify {unknown}
 f - a scroll of blinking {unknown}
 j - a scroll of silence {unknown}
 l - a scroll of teleportation {unknown}
Potions
 d - a potion of might
 g - 2 potions of attraction {unknown}
 h - 2 potions of degeneration {unknown}
 k - 2 potions of curing {unknown}


   Skills:
 + Level 4.4 Fighting
 * Level 4.2 Axes
 + Level 4.3 Armour
 + Level 4.4 Shields


You had 3 spell levels left.
You didn't know any spells.
Your spell library contained the following spells:

 Spells                   Type           Power      Damage    Failure   Level
 Gell's Gravitas          Tloc           0%         N/A       99%         3
 Teleport Other           Tloc           0%         N/A       99%         3
 Dispersal                Tloc           0%         N/A       100%        6


Dungeon Overview and Level Annotations

Branches:
Dungeon (5/15)             Temple (1/1) D:5

Altars:
Okawaru
Trog
Vehumet
Wu Jian

Shops:
D:1 :


Innate Abilities, Weirdness & Mutations

You have a pair of horns on your head.
You reflexively headbutt those who attack you in melee.


Message History

An ogre is nearby!
An ogre is nearby!
Found a ring mail.
No target in view!
No target in view!
No target in view!
No target in view!
No target in view!
No target in view!
No target in view!
No target in view!
No target in view!
No target in view!
No target in view!
No target in view!
No target in view!
No target in view!
No target in view!
No target in view!
No target in view!
No target in view!
No target in view!
No target in view!
No target in view!
No target in view!
No target in view!
Unknown command.
The ogre barely misses you.
An ogre is nearby!
You slash the ogre! You headbutt the ogre!
The ogre is severely wounded.
The ogre misses you.
You hit the ogre.
The ogre is almost dead.
The ogre hits you with a +0 giant club!!
Ouch! That really hurt!
You barely miss the ogre.
The ogre is almost dead.
The ogre hits you with a +0 giant club!!
You die...

...# ....# .. [...####...#
#####.. ###
...####.#....#...###.....# ..
...#.....#.........#.....# # #.#
#...#.....# #......#..$..+ .. ..
....#......####.....#.....#
.#.#.#.#..#.......##...#..#.....#
..........#....O#.....###.#.....#
#.#.#.#.#.#####.@#..>.###.#.....#
.................##....##.##'#...
.#.#.#.#.#.......##...##.....#...
................###).##.#....#...
#.#.#.#.#.#.....###.#...#....#...
.................#......#....#...
.#.#.#.#.#.#............#....#...
......................######+#...
#.#.#.#.#.#......#....#


You could see an ogre.

Vanquished Creatures
  A jelly (D:5)
  Jessica (D:2)
  3 dart slugs (D:1)
  4 ball pythons
  2 bats (D:1)
  2 endoplasms
  4 giant cockroaches
  9 goblins
  9 hobgoblins
  2 jackals (D:2)
  A quokka (D:2)
  4 frilled lizards
  5 kobolds
  A rat (D:1)
48 creatures vanquished.

Notes
Turn   | Place    | Note
-------+----------+-------------------------------------------
     0 | D:1      | Sanktem7 the Minotaur Fighter began the quest for the Orb.
     0 | D:1      | Reached XP level 1. HP: 19/19 MP: 0/0
   177 | D:1      | Found a faded altar of an unknown god.
   229 | D:1      | Reached XP level 2. HP: 27/27 MP: 1/1
   426 | D:1      | Found Loitac's Book Shoppe.
   529 | D:1      | Reached XP level 3. HP: 32/33 MP: 2/2
  1337 | D:2      | Noticed Jessica
  1341 | D:2      | Killed Jessica
  1342 | D:2      | Reached XP level 4. HP: 38/40 MP: 3/3
  1899 | D:3      | You fall into a shaft and drop 2 floors!
  1899 | D:5      | Entered Level 5 of the Dungeon
  1917 | D:5      | Found a staircase to the Ecumenical Temple.
  1962 | Temple   | Entered the Ecumenical Temple
  1970 | Temple   | Became a worshipper of Warmaster Okawaru
  1981 | D:5      | Noticed an ogre
  1987 | D:5      | Slain by an ogre

Illustrated notes

Levels and vault maps discovered:
D:1:      dpeg_arrival_simpleton_b, layout_loops_corners,
          ebering_ecumenical_altar_abandoned, serial_shops, shop_statue
D:2:      cheibrodos_greedy_goblins, layout_loops_corners,
          minmay_stone_trees_large, uniq_jessica
D:3:      layout_basic, hangedman_abyss_or_decor_stabs
D:5:      layout_gridville, minmay_temple_entry_wispy, hex_large, uniq_edmund,
          uniq_duvessa
Temple:   nicolae_temple_bog_church

Skill      XL: |  1  2  3 |
---------------+----------+-----
Axes           | 3 4 |  4.2
Fighting       | 4 |  4.4
Armour         | 4 |  4.3
Shields        | 4 |  4.4

Action                     |  1- 3 |  4- 6 || total
---------------------------+-------+-------++-------
  Melee: War axe           |    74 |     9 ||    83
         Headbutt          |    13 |     1 ||    14
 Armour: Scale mail        |    35 |     5 ||    40
  Dodge: Dodged            |    21 |     3 ||    24
  Block: Buckler           |    19 |     1 ||    20

Table legend: (Time is in decaauts)
 A = Elapsed time spent in this place.
 B = Non-inter-level travel time spent in this place.
 C = Inter-level travel time spent in this place.
 D = Time resting spent in this place.
 E = Time spent auto-exploring this place.
 F = Levels seen in this place.
 G = Mean time per level.
                   A        B        C        D        E       F      G
               +--------+--------+--------+--------+--------+-----+--------+
         Total |   2021 |   2001 |     20 |      0 |   1715 |   5 |  404.2 |
       Dungeon |   1999 |   1979 |     20 |      0 |   1715 |   4 |  499.8 |
        Temple |     22 |     22 |      0 |      0 |      0 |   1 |   22.0 |
               +--------+--------+--------+--------+--------+-----+--------+

Top non-repeatable levels by time:
     D:1: 1035 daAuts
     D:2: 891 daAuts
     D:5: 71 daAuts
  Temple: 22 daAuts
